 Dungeon Crawl Stone Soup version 0.29.1-2-gbd0b4ee654 (console) character file.

Game seed: 3828234777881603892

275 Goreval the Sneak (level 6, -1/36 HPs)
             Began as an Octopode Hedge Wizard on Nov 9, 2022.
             Was a Priest of Lugonu.
             Slain by a phantom (7 damage)
             ... on level 4 of the Dungeon.
             The game lasted 00:16:44 (4366 turns).

Goreval the Sneak (Octopode Hedge Wizard)           Turns: 4366, Time: 00:16:45

Health: -1/36      AC:  1    Str:  9    XL:     6   Next: 24%
Magic:  11/11      EV: 13    Int: 18    God:    Lugonu [***...]
Gold:   176        SH:  0    Dex: 12    Spells: 2/12 levels left

rFire   . . .      SeeInvis .   a - +2 dagger (venom)
rCold   . . .      Faith    .   (no shield)
rNeg    . . .      Spirit   .   b - +0 hat
rPois   .          Reflect  .   g - amulet of the acrobat
rElec   .          Harm     .   (no ring)
rCorr   .          Rampage  .   (no ring)
Will    .....                   (no ring)
Stlth   +++.......              (no ring)
HPRegen 0.12/turn               (no ring)
MPRegen 0.12/turn               (no ring)
                                (no ring)
                                (no ring)

@: no status effects
A: almost no armour, amphibious, 8 rings, camouflage 1, gelatinous body 1,
(nimble swimmer 1), tentacles
a: Renounce Religion, Depart the Abyss, Bend Space, Banish


You were on level 4 of the Dungeon.
You worshipped Lugonu.
Lugonu was most pleased with you.
You visited 1 branch of the dungeon, and saw 5 of its levels.

You collected 176 gold pieces.

Inventory:

Hand Weapons
 a - a +2 dagger of venom (weapon)
 q - the +9 battleaxe of the Hundredfold Eyes {elec, rElec Will+++ Str-4}
   (You found it on level 4 of the Dungeon)

   It occasionally discharges a powerful burst of electricity upon striking a
   foe.
   Str:       It affects your strength (-4).
   rElec:     It insulates you from electricity.
   Will:      It greatly increases your willpower.
Armour
 b - a +0 hat (worn)
Jewellery
 g - an amulet of the acrobat (around mantle)
 r - a +4 ring of slaying
Scrolls
 d - 3 scrolls of enchant armour {unknown}
 f - a scroll of immolation {unknown}
 h - a scroll of vulnerability {unknown}
 j - a scroll of noise {unknown}
 k - a scroll of teleportation {unknown}
 l - 3 scrolls of identify {unknown}
 n - a scroll of blinking {unknown}
 o - a scroll of amnesia {unknown}
Potions
 c - a potion of magic
 e - 2 potions of attraction {unknown}
 i - 3 potions of mutation {unknown}
 m - a potion of heal wounds {unknown}
 p - a potion of ambrosia {unknown}
 s - a potion of berserk rage {unknown}


   Skills:
 + Level 3.2 Dodging
 + Level 4.2 Stealth
 + Level 3.7 Spellcasting
 * Level 3.5 Conjurations
 + Level 0.7 Hexes
 - Level 1.0 Summonings
 - Level 1.0 Translocations
 - Level 2.0 Poison Magic


You had 2 spell levels left.
You knew the following spells:

 Your Spells              Type           Power      Damage    Failure   Level
a - Magic Dart            Conj           64%        1d6       3%          1
b - Mephitic Cloud        Conj/Pois/Air  10%        N/A       22%         3
c - Ensorcelled Hibernat  Hex/Ice        8%         N/A       21%         2
n - Blink                 Tloc           14%        N/A       16%         2
z - Call Imp              Summ           7%         N/A       16%         2

Your spell library contained the following spells:

 Spells                   Type           Power      Damage    Failure   Level
 Slow                     Hex            24%        N/A       11%         1
 Static Discharge         Conj/Air       9%         3-5/arc   11%         2
 Passwall                 Tmut/Erth      2%         N/A       22%         2
 Sublimation of Blood     Necr           3%         N/A       22%         2
 Conjure Flame            Conj/Fire      9%         6-21      22%         3
 Swiftness                Air            3%         N/A       41%         3
 Petrify                  Tmut/Erth      3%         N/A       83%         4
 Irradiate                Conj/Tmut      4%         3d13      90%         5
 Lightning Bolt           Conj/Air       4%         1d16      90%         5
 Maxwell's Capacitive Co  Air            1%         ∞         100%        8


Dungeon Overview and Level Annotations

Branches:
Dungeon (5/15)
 Temple: D:4-7

Altars:
Uskayaw
Lugonu


Innate Abilities, Weirdness & Mutations

You cannot wear most types of armour.
You are amphibious.
You can wear up to eight rings at the same time.
Your skin changes colour to match your surroundings (Stealth+).
Your rubbery body absorbs attacks. (AC +1, EV +1)
((You are camouflaged when in or above water. (Stealth+)))
You have tentacles for arms and can constrict up to eight enemies at once.


Message History

The magic dart hits the phantom.
The phantom hits you.
The phantom blinks!
You blink.
Aim: a phantom (moderately damaged, 100% to hit)
The magic dart hits the phantom.
The phantom hits you.
The phantom blinks!
You blink.
The phantom attacks as you move away! The phantom hits you.
The phantom attacks as you move away! The phantom completely misses you.
There is an open door here.
The phantom attacks as you move away! The phantom closely misses you.
The phantom attacks as you move away! The phantom completely misses you.
The phantom attacks as you move away! The phantom completely misses you.
The phantom attacks as you move away! The phantom barely misses you.
The phantom completely misses you. The phantom attacks as you move away!
The phantom hits you but does no damage.
The phantom attacks as you move away! The phantom hits you.
There is a hide-covered altar of Uskayaw here.
The phantom attacks as you move away! The phantom completely misses you.
The phantom attacks as you move away! The phantom misses you.
The phantom attacks as you move away! The phantom barely misses you.
There is a stone staircase leading down here.
The phantom closely misses you.
You climb downwards.
There is a stone staircase leading up here.
The phantom hits you but does no damage.
You climb upwards.
There is a stone staircase leading down here.
You hit the phantom. Your squeeze misses the phantom.
The phantom barely misses you.
You barely miss the phantom. Your squeeze misses the phantom.
The phantom hits you.
The phantom blinks!
You blink.
You barely miss the phantom. The phantom closely misses you.
The phantom misses you.
You hit the phantom but do no damage. You squeeze the phantom!
The phantom barely misses you.
You hit the phantom. The phantom closely misses you.
You hit the phantom but do no damage. Your squeeze misses the phantom.
The phantom hits you!
* * * LOW HITPOINT WARNING * * *
You barely miss the phantom. The phantom hits you!
You die...

#####.......B... #.... ...........#### #####....
######.....# .......... #.....## .#####....
##...## ##... ##.## #.# #### #.# #.# # #.# #.#
... ##'## # #.# #.# ##...## .# ... # #.###
##.....## ####.##### #.#### ## #.#.## ##.......##
##........# #.##.## ##.
#....####.........####...#.###[###.#...####..
#.......'.........'......................††..
#####....####.........####...#.###.###.#...####..
#[.......# ##.......## ##....# #.# #.##.## ##.
#.###.##.# ##.....## ##.### #.# #.#### ##
#......#######...## #.# #.# #.# #
#........._.....## #<#####.# #.#
#.......######).##### #.......# #.# #.......#
#......# #.####### #.# # #.......######......#
#.# #.###.##@>##..........######.#
#......W..##.##..............#
####...##.............########
#...#####.####.#.### #.........# #####
###########


You could see a phantom.

Vanquished Creatures
  A howler monkey (D:4)
  2 hounds (D:4)
  2 iguanas
  4 gnolls (D:3)
  2 adders
  4 endoplasms
  3 giant cockroaches
  6 goblins
  4 hobgoblins
  11 jackals
  4 kobolds
  3 quokkas
  7 ball pythons
  9 bats
  3 frilled lizards
  7 rats
72 creatures vanquished.

Vanquished Creatures (others)
  A demonic plant (D:2)
  2 plants (D:2)
3 creatures vanquished.

Grand Total: 75 creatures vanquished

Notes
Turn   | Place    | Note
-------+----------+-------------------------------------------
     0 | D:1      | Goreval the Octopode Hedge Wizard began the quest for the
                  | Orb.
     0 | D:1      | Reached XP level 1. HP: 11/11 MP: 4/4
   304 | D:1      | Reached XP level 2. HP: 14/17 MP: 1/6
   543 | D:2      | Reached skill level 3 in Stealth
  1001 | D:1      | Reached XP level 3. HP: 21/21 MP: 4/7
  1734 | D:2      | Found a faded altar of an unknown god.
  1826 | D:2      | Learned a level 2 spell: Call Imp
  1830 | D:2      | Learned a level 2 spell: Blink
  1834 | D:2      | Learned a level 3 spell: Mephitic Cloud
  1840 | D:2      | Prayed at the altar of an unknown god.
  1840 | D:2      | Became a worshipper of Lugonu the Unformed
  1840 | D:2      | Reached * piety under Lugonu
  1840 | D:2      | Reached ** piety under Lugonu
  2550 | D:3      | Reached XP level 4. HP: 27/27 MP: 8/8
  2720 | D:3      | Reached skill level 1 in Poison Magic
  2730 | D:3      | Reached XP level 5. HP: 22/31 MP: 4/10
  3457 | D:4      | Found a hide-covered altar of Uskayaw.
  3724 | D:4      | Reached *** piety under Lugonu
  3785 | D:4      | Learned a level 2 spell: Ensorcelled Hibernation
  3831 | D:4      | Reached skill level 4 in Stealth
  4068 | D:4      | Identified the +9 battleaxe of the Hundredfold Eyes {elec,
                  | rElec Will+++ Str-4}
  4164 | D:4      | Reached XP level 6. HP: 24/36 MP: 11/11
  4353 | D:5      | Entered Level 5 of the Dungeon
  4366 | D:4      | Slain by a phantom

Illustrated notes

Levels and vault maps discovered:
D:1:      matt_arrival_debris, layout_basic, chequers_mini_garden,
          chequers_serial_rivers_small_3
D:2:      layout_basic, shapermc_ecumenical_altar_gd
D:3:      layout_loops_cross, hex_tiny
D:4:      layout_loops_corners, overflow_temple_1_default
D:5:      layout_basic, kennysheep_mini_moat, trog_three_pillars_becter

Skill      XL: |  1  2  3  4  5  6 |
---------------+-------------------+-----
Stealth        | 3 4 |  4.2
Conjurations   | 2 3 |  3.5
Poison Magic   | 1 2 |  2.0
Dodging        | 3 |  3.2
Spellcasting   | |  3.7
Hexes          | |  0.7
Summonings     | |  1.0
Translocations | |  1.0

Action                   |  1- 3 |  4- 6 || total
-------------------------+-------+-------++-------
Melee: Dagger            |    54 |    51 ||   105
       Constrict         |    15 |     8 ||    23
       Tentacles         |    13 |    10 ||    23
       Punch             |       |     2 ||     2
 Cast: Magic Dart        |    58 |    46 ||   104
 Stab: Sleeping          |     6 |     4 ||    10
Armor: Skin              |     7 |     4 ||    11
Dodge: Dodged            |    36 |    40 ||    76
